 Dungeon Crawl Stone Soup version 0.18.1-8-gdd0e5ea (webtiles) character file.

665 senseless the Chopper (level 7, 0/61 HPs)
             Began as a Hill Orc Fighter on May 25, 2016.
             Was a Follower of Beogh.
             Slain by an ogre
             ... wielding a +0 giant club
              (22 damage)
             ... on level 5 of the Dungeon.
             The game lasted 00:20:24 (5234 turns).

senseless the Chopper (Hill Orc Fighter)            Turns: 5234, Time: 00:20:25

Health: 0/61       AC: 14    Str: 19    XL:     7   Next: 57%
Magic:  10/10      EV:  7    Int:  8    God:    Beogh [*.....]
Gold:   90         SH: 10    Dex: 14    Spells: 0 memorised, 10 levels left

rFire  . . .     SeeInvis .     n - -3 mace (curse)
rCold  . . .     Gourm    .     b - +0 scale mail
rNeg   . . .     Faith    .     c - +0 shield
rPois  .         Spirit   .     z - +0 helmet
rElec  .         Dismiss  .     o - +0 cloak (curse)
rCorr  .         Reflect  .     A - +0 pair of gloves
SustAt .         Harm     +     (no boots)
MR     .....                    v - amulet of harm
Stlth  ..........               (no ring)
                                e - +2 ring of protection

@: about to teleport, slowed, very slow, not resistant to hostile enchantments,
extremely unstealthy
A: hooves 1, thin skeletal structure 1
a: Renounce Religion


You were on level 5 of the Dungeon.
You worshipped Beogh.
Beogh was aware of your devotion.
You were not hungry.

You visited 1 branch of the dungeon, and saw 5 of its levels.

You collected 207 gold pieces.
You spent 117 gold pieces at shops.

Inventory:

Hand Weapons
 a - a +1 war axe
 n - a cursed -3 mace (weapon)
Armour
 b - a +0 scale mail (worn)
 c - a +0 shield (worn)
 k - a +0 helmet
 o - a cursed +0 cloak (worn)
 z - a +0 helmet (worn)
 A - a +0 pair of gloves (worn)
Jewellery
 e - a +2 ring of protection (left hand)
 v - an amulet of harm (around neck)
Scrolls
 g - 2 scrolls of enchant weapon
 m - a scroll of identify
 q - a scroll of amnesia
 r - a scroll of fear
 w - 2 scrolls of teleportation
Potions
 d - a potion of might
 h - 3 potions of cure mutation
 l - 2 potions of ambrosia
 s - a potion of berserk rage
Comestibles
 f - 6 bread rations
 i - 2 fruits
 j - 2 slices of pizza


   Skills:
 + Level 5.5 Fighting
 + Level 5.5 Axes
 + Level 5.4 Armour
 + Level 5.0 Shields
 + Level 2.1 Spellcasting


You had 10 spell levels left.
You didn't know any spells.

Dungeon Overview and Level Annotations

Branches:
Dungeon (5/15)             Temple (0/1) D:5

Altars:
Ru

Shops:
D:4 [


Innate Abilities, Weirdness & Mutations

You have large cloven feet.
You have a somewhat thin skeletal structure (Dex +2, Stealth).


Message History

Something tries to affect you, but you resist.
You hit something but do no damage.
The orc wizard mumbles some strange words.
The orc wizard blinks!
The ogre hits you with a giant club!
The crimson imp blinks!
The orc wizard gestures wildly while chanting.
The orc wizard blinks!
You block the orc's attack. Something hits you. The ogre barely misses you.
You block the orc's attack. Something hits you but does no damage.
You hit something. The orc hits you but does no damage.
The ogre barely misses you. Something hits you but does no damage.
You block the orc's attack. Something hits you but does no damage.
The ogre hits you with a giant club!
The crimson imp hits you but does no damage.
As you read the scroll of teleportation, it crumbles to dust.
You feel strangely unstable. You block the orc's attack.
Something hits you but does no damage.
The crimson imp hits you but does no damage.
The ogre hits you with a giant club!!
You die...

#.# #.# #.# ###
#.# #.. #.# #.#
#.#
#####.#####.##.#
#...#.o.........
#.#...@5o##.....
#...#O##.# ...
##.##.##... . ##
#.##.#####.. .#
#.##.. .. .###
#.######## .
...# #.........
.#.# #.#######.
.#.# #.#####


You could see an ogre, an orc wizard, a crimson imp and an orc.

Vanquished Creatures
  An ogre (D:5)
  A howler monkey (D:4)
  A crimson imp (D:5)
  4 hounds
  A giant frog skeleton (D:4)
  3 orc wizards
  An iguana (D:5)
  Terence (D:2)
  A worker ant (D:5)
  Robin (D:4)
  8 adders
  A gnoll (D:3)
  An ooze (D:4)
  2 adder skeletons (D:5)
  2 worms
  2 dart slugs
  2 giant geckos
  9 orcs
  4 bats
  5 giant cockroaches
  11 goblins
  11 hobgoblins
  2 jackals (D:1)
  2 quokkas
  4 ball pythons
  6 giant newts
  7 kobolds
  12 rats
  A plant (D:2)
107 creatures vanquished.

Vanquished Creatures (others)
  An orc priest (D:3)
  A giant gecko (D:3)
  An orc (D:3)
  A plant (D:2)
4 creatures vanquished.

Grand Total: 111 creatures vanquished

Notes
Turn   | Place    | Note
--------------------------------------------------------------
     0 | D:1      | senseless the Hill Orc Fighter began the quest for the Orb.
     0 | D:1      | Reached XP level 1. HP: 19/19 MP: 1/1
   137 | D:1      | Reached XP level 2. HP: 20/27 MP: 2/2
   475 | D:1      | Reached XP level 3. HP: 25/33 MP: 3/3
   705 | D:2      | Noticed Terence
   730 | D:2      | Killed Terence
   757 | D:2      | Reached XP level 4. HP: 40/40 MP: 5/5
  1958 | D:3      | Became a worshipper of Beogh the Brigand
  1986 | D:3      | Reached XP level 5. HP: 8/47 MP: 6/6
  2756 | D:3      | Reached skill level 1 in Spellcasting
  3078 | D:4      | Reached XP level 6. HP: 45/53 MP: 7/7
  3192 | D:4      | Noticed Robin
  3197 | D:4      | Killed Robin
  3205 | D:4      | Reached * piety under Beogh
  3244 | D:4      | Found Jusoppou's Antique Armour Shop.
  3250 | D:4      | Bought a glowing cloak for 117 gold pieces
  3436 | D:4      | Reached skill level 5 in Fighting
  3684 | D:4      | Reached skill level 5 in Armour
  4123 | D:5      | Entered Level 5 of the Dungeon
  4152 | D:5      | Gained mutation: You have large cloven feet. [potion of beneficial mutation]
  4153 | D:5      | Gained mutation: You have a somewhat thin skeletal structure (Dex +2, Stealth). [potion of beneficial mutation]
  4174 | D:5      | Reached skill level 5 in Axes
  4174 | D:5      | Reached XP level 7. HP: 27/61 MP: 9/9
  4409 | D:5      | Found a sacrificial altar of Ru.
  4469 | D:5      | Found a staircase to the Ecumenical Temple.
  4859 | D:5      | Reached skill level 5 in Shields
  5234 | D:5      | Slain by an ogre

Skill      XL: |  1  2  3  4  5  6  7 |
---------------+----------------------+-----
Axes           | 3 4 5 |  5.5
Fighting       | 4 5 |  5.5
Armour         | 4 5 |  5.4
Shields        | 4 5 |  5.0
Spellcasting   | 1 2 |  2.1

Action                   |  1- 3 |  4- 6 |  7- 9 || total
-------------------------+-------+-------+-------++-------
Melee: War axe           |    88 |       |       ||    88
       Mace              |     2 |   627 |   276 ||   905
       Kick              |       |     5 |    88 ||    93
Invok: Convert to Beogh  |       |     1 |       ||     1
  Use: Scroll            |     4 |     5 |     2 ||    11
       Potion            |       |     8 |       ||     8
 Stab: Paralysed         |       |       |     1 ||     1
  Eat: Chunk             |       |    11 |       ||    11
       Beef jerky        |       |     1 |       ||     1
       Meat ration       |       |       |     1 ||     1
Armor: Scale mail        |    37 |   304 |   152 ||   493
Dodge: Dodged            |    23 |   164 |    75 ||   262
Block: Shield            |    44 |   285 |   152 ||   481
